 Dungeon Crawl Stone Soup version 0.21.1-1-g345015fe64 (webtiles) character file.

319 Loge the Magician (level 6, 0/32 HPs)
             Began as a Deep Elf Fire Elementalist on July 18, 2018.
             Slain by a quasit (2 damage)
             ... on level 4 of the Dungeon.
             The game lasted 00:10:39 (4061 turns).

Loge the Magician (Deep Elf Fire Elementalist)      Turns: 4061, Time: 00:10:40

Health: 0/32       AC:  2    Str:  5      XL:     6   Next: 21%
Magic:  2/15       EV: 12    Int: 22      God:
Gold:   166        SH:  0    Dex:  8 (15) Spells: 5/15 levels left

rFire    . . .     SeeInvis .   f - +0 dagger
rCold    . . .     Gourm    .   (no shield)
rNeg     . . .     Faith    .   a - +0 robe
rPois    .         Spirit   .   (no helmet)
rElec    .         Reflect  .   (no cloak)
rCorr    .         Harm     .   (no gloves)
MR       .....                  (no boots)
Stlth    ++........             (no amulet)
HPRegen  0.10/turn              (no ring)
MPRegen  0.14/turn              (no ring)

@: no status effects
A: no striking features
a: no special abilities


You were on level 4 of the Dungeon.
You were not hungry.

You visited 1 branch of the dungeon, and saw 4 of its levels.

You collected 166 gold pieces.

Inventory:

Hand Weapons
 f - a +0 dagger (weapon)
Armour
 a - a +0 robe (worn)
Jewellery
 o - a +4 ring of dexterity {unknown}
Wands
 w - a wand of polymorph (13)
Scrolls
 e - a scroll of amnesia {unknown}
 g - 2 scrolls of identify {unknown}
 h - a scroll of magic mapping {unknown}
 j - a scroll of blinking {unknown}
 k - 4 scrolls of enchant weapon {unknown}
 l - 6 scrolls of teleportation {unknown}
 q - 2 scrolls of remove curse {unknown}
 r - a scroll of fear {unknown}
Potions
 d - a potion of heal wounds {unknown}
 i - a potion of curing {unknown}
 m - a potion of degeneration {unknown}
 p - a potion of ambrosia {unknown}
 s - a potion of flight {unknown}
 t - 2 potions of might {unknown}
 u - a potion of brilliance {unknown}
Books
 b - a book of Flames

   Spells                             Type                      Level
   a - Flame Tongue                   Conjuration/Fire             1
   b - Throw Flame                    Conjuration/Fire             2
   c - Conjure Flame                  Conjuration/Fire             3
   d - Inner Flame                    Hexes/Fire                   3
   e - Sticky Flame                   Conjuration/Fire             4
   f - Fireball                       Conjuration/Fire             5
 v - a book of Misfortune

   Spells                             Type                      Level
   a - Confusing Touch                Hexes                        1
   b - Confuse                        Hexes                        3
   c - Gell's Gravitas                Translocation                3
   d - Petrify                        Transmutation/Earth          4
   e - Metabolic Englaciation         Hexes/Ice                    5
   f - Yara's Violent Unravelling     Hexes/Transmutation          5
Comestibles
 c - 5 rations
 n - a chunk of flesh


   Skills:
 - Level 2.4 Dodging
 - Level 2.4 Stealth
 + Level 5.1 Spellcasting
 * Level 4.9 Conjurations
 + Level 4.7 Fire Magic


You had 5 spell levels left.
You knew the following spells:

 Your Spells              Type           Power        Failure   Level  Hunger
a - Flame Tongue          Conj/Fire      ####.        1%          1    None
b - Throw Flame           Conj/Fire      ####..       1%          2    None
c - Conjure Flame         Conj/Fire      ####....     4%          3    ##.....
d - Sticky Flame          Conj/Fire      ####....     13%         4    ####...


Dungeon Overview and Level Annotations

Branches:
Dungeon (4/15)
 Temple: D:4-7

Altars:
Cheibriados
Kikubaaqudgha
Makhleb
Okawaru
Qazlal
The Shining One

Annotations:
D:1 exclusion: downstairs
D:4 kalosz4's ghost, amateur GnWn


Message History

Aim: a quasit (moderately wounded)
The flame tongue misses the quasit.
The quasit misses you. The quasit claws you.
* * * LOW HITPOINT WARNING * * *
You feel clumsy. The quasit claws you.
* * * LOW HITPOINT WARNING * * *
The quasit closely misses you. The quasit barely misses you. x2
The quasit barely misses you. x2
The quasit claws you but does no damage.
The quasit bites you but does no damage.
The quasit claws you.
* * * LOW HITPOINT WARNING * * *
You feel clumsy.
The quasit claws you but does no damage.
The quasit bites you.
* * * LOW HITPOINT WARNING * * *
You feel clumsy. The quasit claws you.
You die...

### ### #.# #.#
################.#######.#
..)....................#.#
#########.#####..#####.#.# #.#
#.@#.......#
####.#####5##.###.#.#
######....W............#.#
..........#####.##.#####.########
#######...#####.#................
#......W....######..#######
####.######...........###
......[.................#
##..........#####...#.#


You could see a quasit.

Vanquished Creatures
  An ogre (D:4)
  A scorpion (D:3)
  A hound (D:4)
  A howler monkey skeleton (D:4)
  8 adders
  3 dart slugs
  3 leopard geckos
  An orc (D:4)
  A ball python (D:1)
  3 giant cockroaches
  4 goblins
  4 hobgoblins
  2 jackals (D:3)
  8 kobolds
  15 bats
  5 frilled lizards
  8 rats
  A rat zombie (D:2)
70 creatures vanquished.

Notes
Turn   | Place    | Note
-------+----------+-------------------------------------------
     0 | D:1      | Loge the Deep Elf Fire Elementalist began the quest for the Orb.
     0 | D:1      | Reached XP level 1. HP: 10/10 MP: 6/6
   265 | D:1      | Reached XP level 2. HP: 15/15 MP: 6/8
   269 | D:1      | Learned a level 2 spell: Throw Flame
  1182 | D:2      | Found a burning altar of Makhleb.
  1322 | D:2      | Reached XP level 3. HP: 19/19 MP: 6/10
  1327 | D:2      | Learned a level 3 spell: Conjure Flame
  1459 | D:2      | Found a stormy altar of Qazlal.
  1863 | D:2      | Reached XP level 4. HP: 24/24 MP: 1/11
  1969 | D:2      | Found an ancient bone altar of Kikubaaqudgha.
  2000 | D:2      | Reached skill level 4 in Spellcasting
  2262 | D:2      | Found an iron altar of Okawaru.
  2262 | D:2      | Found a snail-covered altar of Cheibriados.
  2647 | D:3      | Learned a level 4 spell: Sticky Flame
  2846 | D:3      | Found a glowing golden altar of the Shining One.
  3303 | D:3      | Found a glowing golden altar of the Shining One.
  3348 | D:3      | Reached XP level 5. HP: 28/28 MP: 1/13
  3643 | D:4      | Noticed kalosz4's ghost (amateur GnWn)
  3857 | D:4      | Noticed an ogre
  3867 | D:4      | Killed an ogre
  3867 | D:4      | Reached XP level 6. HP: 32/32 MP: 3/15
  3968 | D:4      | Reached skill level 5 in Spellcasting
  4061 | D:4      | Slain by a quasit

Skill      XL: |  1  2  3  4  5  6 |
---------------+-------------------+-----
Conjurations   | 2 3 4 |  4.9
Spellcasting   | 4 5 |  5.1
Fire Magic     | 4 |  4.7
Dodging        | |  2.4
Stealth        | |  2.4

Action                   |  1- 3 |  4- 6 || total
-------------------------+-------+-------++-------
 Cast: Flame Tongue      |    45 |    65 ||   110
       Throw Flame       |    20 |    33 ||    53
       Conjure Flame     |     2 |     7 ||     9
  Eat: Chunk             |     4 |     7 ||    11
Armor: Robe              |     3 |     8 ||    11
Dodge: Dodged            |    10 |    22 ||    32
